[Event "FIDE Women World Blitz 2021"]
[Site "Warsaw"]
[Date "2021.12.29"]
[Round "1.1"]
[White "Efroimski, Marsel"]
[Black "Lagno, Kateryna"]
[Result "1-0"]
[ECO "C48"]
[WhiteElo "2419"]
[BlackElo "2550"]
[Annotator "ChessBase"]
[PlyCount "107"]
[EventDate "2021.12.29"]
[EventType "swiss"]
[EventCountry "POL"]
[Tiebreak "Cut1 Buchholz"]
[SourceTitle "playchess.com"]
[Source "ChessBase"]
[SourceQuality "1"]
[TimeControl "180+2"]

1. e4 e5 2. Nf3 Nc6 3. Nc3 Nf6 4. Bb5 Bd6 5. d3 O-O 6. a3 Re8 7. O-O h6 8. Be3 Bf8 9. Bc4 d6 10. h3 Ne7 11. d4 Ng6 12. dxe5 dxe5 13. Qxd8 Rxd8 14. Rad1 Bd7 15. Nd2 a6 16. Nd5 Nxd5 17. Bxd5 Rab8 18. Nb3 Ne7 19. Bc4 Ba4 20. Rxd8 Rxd8 21. f4 b5 22. Be2 exf4 23. Bxf4 Ng6 24. Bxc7 Rc8 25. Ba5 Rxc2 26. Nd2 b4 27. Bd1 Rxd2 28. Bxa4 Rxb2 29. axb4 Bxb4 30. Bxb4 Rxb4 31. Bc6 Ne5 32. Bd5 a5 33. Rf5 Nd3 34. Rxf7 Kh7 35. Ra7 a4 36. Bc6 Nc5 37. e5 Kg6 38. e6 Nxe6 39. Ra6 Nc5 40. Ra5 Rc4 41. Bd5 Rc1+ 42. Kh2 Kf6 43. Bc6 Rc4 44. Bd5 Rc3 45. Bc6 a3 46. Bd5 Ke5 47. Bg8 Kd4 48.
h4 Ke3 49. Kh3 Kd2+ 50. Kg4 Kc1 51. Kh5 Rg3 52. Rxc5+ Kb2 53. Ra5 Kc3 54. Rxa3+ 1-0

[Event "FIDE Women World Blitz 2021"]
[Site "Warsaw"]
[Date "2021.12.29"]
[Round "1.1"]
[White "Dworakowska, Joanna"]
[Black "Goraj, Barbara"]
[Result "0-1"]
[ECO "A04"]
[WhiteElo "2228"]
[BlackElo "1902"]
[Annotator "NA"]
[PlyCount "87"]
[EventDate "2021.12.29"]
[EventType "swiss"]
[EventCountry "POL"]
[Tiebreak "Cut1 Buchholz"]
[SourceTitle "playchess.com"]
[Source "ChessBase"]
[SourceQuality "1"]
[TimeControl "180+2"]

1. e4 c5 2. Nf3 d6 3. g3 Nc6 4. Bg2 g6 5. O-O Bg7 6. c3 e5 7. d3 Nge7 8. h3 O-O 9. Nbd2 Rb8 10. Re1 b5 11. Nf1 h6 12. Be3 b4 13. d4 bxc3 14. bxc3 cxd4 15. cxd4 Ba6 16. Qd2 Kh7 17. d5 Na5 18. Bxa7 Nc4 19. Qc2 Rb2 20.
Qc3 Qd7 21. Be3 Rc8 22. N1d2 Rb7 23. Nxc4 Rxc4 24. Qd2 Rcb4 25. Rec1 f5 26. exf5 Nxf5 27. Ne1 Nxe3 28. fxe3 Qf5 29. Rc2 e4 30. Rac1 Be5 31. Rc7+ Bg7 32. Qc3 Rxc7 33. Qxc7 Qe5 34. Rc2 Rb1 35. Rc1 Rxc1 36. Qxc1 Qxg3 37. Nc2 Bd3 38. Nb4 Bb5 39. Nc6 h5 40. Kh1 Bh6 41. Nd4 Qxe3 42. Qc7+ Bg7 43. Nc2 Qc1+ 44. Kh2 0-1

[Event "FIDE Women World Blitz 2021"]
[Site "Warsaw"]
[Date "2021.12.29"]
[Round "1.2"]
[White "Muzychuk, Anna"]
[Black "Sandu, Mihaela"]
[Result "1-0"]
[ECO "B51"]
[WhiteElo "2533"]
[BlackElo "2244"]
[Annotator "ChessBase"]
[PlyCount "50"]
[EventDate "2021.12.29"]
[EventType "swiss"]
[EventCountry "POL"]
[Tiebreak "Cut1 Buchholz"]
[SourceTitle "playchess.com"]
[Source "ChessBase"]
[SourceQuality "1"]
[TimeControl "180+2"]

1. e4 c5 2. Nf3 d6 3. Bb5+ Nd7 4. Ba4 a6 5. c4 Ngf6 6. O-O g6 7. Nc3 Bg7 8. d3 O-O 9. h3 Ne5 10. Nxe5 dxe5 11. Be3 b6 12. Rb1 a5 13. a3 Nh5 14. b4 axb4 15. axb4 Nf4 16. Bc6 Ra3 17. Nd5 Rxd3 18. Qc2 Ra3 19. bxc5 bxc5 20. Bxc5 Nxh3+ 21. gxh3 Rxh3 22. Bxe7 Bg4 23. f3 Qc8 24. Bxf8 Rg3+ 25. Kh2 Rh3+ 1-0

[Event "FIDE Women World Blitz 2021"]
[Site "Warsaw"]
[Date "2021.12.29"]
[Round "1.2"]
[White "Wikar, Martyna"]
[Black "Efimenko, Maria"]
[Result "0-1"]
[ECO "B06"]
[WhiteElo "1899"]
[BlackElo "2207"]
[Annotator "NA"]
[PlyCount "102"]
[EventDate "2021.12.29"]
[EventType "swiss"]
[EventCountry "POL"]
[Tiebreak "Cut1 Buchholz"]
[SourceTitle "playchess.com"]
[Source "ChessBase"]
[SourceQuality "1"]
[TimeControl "180+2"]

1. e4 g6 2. d4 Bg7 3. Nc3 d6 4. f4 Nc6 5. Nf3 Bg4 6. Be3 Bxf3 7. gxf3 e6 8.
Qd2 a6 9. h4 h5 10. O-O-O Nge7 11. d5 exd5 12. exd5 Nb8 13. Bd4 O-O 14. Bxg7 Kxg7 15. Qd4+ Kh7 16. Bh3 Nd7 17. Rhg1 b5 18. Ne4 Ng8 19. f5 Ne5 20. fxg6+ fxg6 21. Ng5+ Kh6 22. Qe3 Nc4 23. Nf7+ Kh7 24. Ng5+ Kh6 25. Qe4 Qf6 26. c3 Qf4+ 27. Qxf4 Rxf4 28. Rde1 Ne5 29. Re3 Rxh4 30. Be6 Rf8 31. Kc2 Rhf4 32. Rg3 h4 33. Rg1 Nxf3 34. Nxf3 Rxf3 35. Re4 g5 36. Reg4 Rg3 37. R1xg3 hxg3 38. Rxg3 Nf6 39. Kd3 Nh5 40. Rh3 Kg6 41. Rh1 Rf2 42. b4 Nf4+ 43. Ke4 Rxa2 44. Rh8 Re2+ 45. Kf3 Rc2 46. Rg8+ Kf6 47. Kg4 Rxc3 48. Rxg5 Nxe6 49. Rf5+ Ke7 50. dxe6 Kxe6 51. Rf1 Rc4+ 0-1

[Event "FIDE Women World Blitz 2021"]
[Site "Warsaw"]
[Date "2021.12.29"]
[Round "1.3"]
[White "Bivol, Alina"]
[Black "Koneru, Humpy"]
[Result "0-1"]
[ECO "C26"]
[WhiteElo "2377"]
[BlackElo "2586"]
[Annotator "ChessBase"]
[PlyCount "58"]
[EventDate "2021.12.29"]
[EventType "swiss"]
[EventCountry "POL"]
[Tiebreak "Cut1 Buchholz"]
[SourceTitle "playchess.com"]
[Source "ChessBase"]
[SourceQuality "1"]
[TimeControl "180+2"]

1. e4 e5 2. Nf3 Nc6 3. Nc3 Nf6 4. g3 Bc5 5. Bg2 d6 6. O-O a6 7. h3 h6 8. d3 Be6 9. Kh2 Qd7 10. Be3 Bxe3 11. fxe3 O-O-O 12. d4 d5 13. Nxe5 Nxe5 14. dxe5 Nxe4 15. Ne2 c5 16. c4 Qc7 17. cxd5 Bxd5 18. Qc2 Qxe5 19. Rac1 Kb8 20. b3 Bc6 21. Rcd1 f5 22. Bxe4 Bxe4 23. Qc3 Qe7 24. Nf4 Bc6 25. Qc2 Qxe3 26. Rd3 Rxd3 27. Qxd3 Qxd3 28. Nxd3 Rd8 29. Nxc5 Rd2+ 0-1

[Event "FIDE Women World Blitz 2021"]
[Site "Warsaw"]
[Date "2021.12.29"]
[Round "1.3"]
[White "Lach, Aleksandra"]
[Black "Dylag, Emilia"]
[Result "0-1"]
[ECO "B43"]
[WhiteElo "2204"]
[BlackElo "1863"]
[Annotator "NA"]
[PlyCount "58"]
[EventDate "2021.12.29"]
[EventType "swiss"]
[EventCountry "POL"]
[Tiebreak "Cut1 Buchholz"]
[SourceTitle "playchess.com"]
[Source "ChessBase"]
[SourceQuality "1"]
[TimeControl "180+2"]

1. e4 c5 2. Nc3 a6 3. Nge2 e6 4. g3 b5 5. Bg2 Bb7 6. d4 cxd4 7. Nxd4 Nf6 8.
a3 Be7 9. O-O O-O 10. e5 Bxg2 11. exf6 Bxf1 12. fxe7 Qxe7 13. Qxf1 Nc6 14. Nxc6 dxc6 15. Be3 Rfd8 16. Ne4 Rd5 17. b4 f5 18. Bg5 Qf7 19. Nc5 h6 20. Bc1 e5 21. Bb2 Re8 22. Nd3 f4 23. Qh3 f3 24. Re1 e4 25.
Nc5 e3 26. Nd3 Rxd3 27. cxd3 Qa2 28. Bd4 Qxf2+ 29. Kh1 Qxe1+ 0-1

[Event "FIDE Women World Blitz 2021"]
[Site "Warsaw"]
[Date "2021.12.29"]
[Round "1.4"]
[White "Stefanova, Antoaneta"]
[Black "Sliwicka, Alicja"]
[Result "1-0"]
[ECO "D79"]
[WhiteElo "2475"]
[BlackElo "2303"]
[Annotator "ChessBase"]
[PlyCount "61"]
[EventDate "2021.12.29"]
[EventType "swiss"]
[EventCountry "POL"]
[Tiebreak "Cut1 Buchholz"]
[SourceTitle "playchess.com"]
[Source "ChessBase"]
[SourceQuality "1"]
[TimeControl "180+2"]

1. Nf3 c5 2. g3 Nc6 3. Bg2 g6 4. c3 Bg7 5. d4 cxd4 6. cxd4 d5 7. Nc3 Nf6 8. Ne5 O-O 9. O-O Be6 10. Nxc6 bxc6 11. Bf4 Nh5 12. Be3 f5 13. Qd2 Qd6 14. Bh6 f4 15. Bxg7 Kxg7 16. Qd3 Bf5 17. e4 dxe4 18. Nxe4 Qc7 19. Qc3 Nf6 20. Nxf6 Rxf6 21. d5 fxg3 22. hxg3 h5 23. dxc6 h4 24. Rfe1 h3 25. Bf3 Be6 26. Rxe6 h2+ 27. Kxh2 Rh8+ 28. Kg1 Kf7 29. Rxf6+ exf6 30. Re1 Qb6 31. Qb3+ 1-0

[Event "FIDE Women World Blitz 2021"]
[Site "Warsaw"]
[Date "2021.12.29"]
[Round "1.4"]
[White "Jarocka, Liwia"]
[Black "Buksa, Nataliya"]
[Result "0-1"]
[ECO "E14"]
[WhiteElo "1851"]
[BlackElo "2199"]
[Annotator "NA"]
[PlyCount "89"]
[EventDate "2021.12.29"]
[EventType "swiss"]
[EventCountry "POL"]
[Tiebreak "Cut1 Buchholz"]
[SourceTitle "playchess.com"]
[Source "ChessBase"]
[SourceQuality "1"]
[TimeControl "180+2"]

1. Nf3 d5 2. b3 c5 3. Bb2 Nf6 4. e3 e6 5. d4 b6 6. Bd3 Bb7 7. O-O Bd6 8. c4 Nbd7 9. Nbd2 Qe7 10. Ne5 O-O 11. Ndf3 Ne4 12. Nxd7 Qxd7 13. Bxe4 dxe4 14. dxc5 bxc5 15. Nd2 Qc7 16. h3 Rad8 17. Qc2 f5 18. Rad1 Rd7 19. Nb1 Rfd8 20. Nc3 a6 21. Kh1 Bc6 22. Rd2 Be5 23. Rxd7 Rxd7 24. Rd1 Qd8 25. Rxd7 Qxd7 26. Nd1 Bxb2 27. Nxb2 e5 28. Kg1 f4 29. Qd1 Qe7 30. Qd2 f3 31. g3 h6 32. Nd1 Kh7 33. Nc3 Qb7 34. Nd5 Qd7 35. Kh2 Kg6 36. a3 Kh7 37.
b4 cxb4 38. axb4 Qb7 39. Qd1 Bd7 40. Qc2 Bf5 41. g4 Bg6 42.
Qb3 h5 43. Qc2 hxg4 44. hxg4 Qd7 45. Kg3 0-1

[Event "FIDE Women World Blitz 2021"]
[Site "Warsaw"]
[Date "2021.12.29"]
[Round "1.5"]
[White "Atalik, Ekaterina"]
[Black "Kosteniuk, Alexandra"]
[Result "1-0"]
[ECO "A30"]
[WhiteElo "2430"]
[BlackElo "2518"]
[Annotator "ChessBase"]
[PlyCount "135"]
[EventDate "2021.12.29"]
[EventType "swiss"]
[EventCountry "POL"]
[Tiebreak "Cut1 Buchholz"]
[SourceTitle "playchess.com"]
[Source "ChessBase"]
[SourceQuality "1"]
[TimeControl "180+2"]

1. Nf3 d5 2. e3 Nf6 3. c4 e6 4. b3 b6 5. Bb2 Bb7 6. Be2 Be7 7. O-O c5 8. d4 cxd4 9. exd4 O-O 10. Nbd2 Nc6 11. Re1 Re8 12. Rc1 Rc8 13. a3 Bf8 14. Ne5 dxc4 15. Ndxc4 Ne7 16. Bf3 Nfd5 17. b4 Nf5 18. Qd2 g6 19. Rc2 Bh6 20. Qd1 Rc7 21. g3 Qe7 22. Ng4 Bg7 23.
Nce5 h5 24. Rxc7 Qxc7 25. Ne3 Nfxe3 26. fxe3 Bxe5 27. dxe5 Rd8 28. Bd4 Ne7 29. Bxb7 Qxb7 30. Qe2 Qe4 31. Qg2 Qxg2+ 32. Kxg2 Rc8 33. Re2 Rc4 34. Kf3 Nd5 35. Rd2 Kg7 36. Ke4 g5 37. Kd3 Rc1 38. e4 Ne7 39. b5 h4 40. Rc2 Rxc2 41. Kxc2 h3 42. a4 Kg6 43. a5 Nc8 44. a6 Kh5 45. Kd3 g4 46. Ke3 Kg5 47. Bc3 Ne7 48.
Bb4 Nc8 49. Bd6 f6 50. Bc7 f5 51. Bd8+ Kg6 52. Kf4 fxe4 53. Kxe4 Kf7 54. Kf4 Ke8 55. Bc7 Kd7 56. Bb8 Ne7 57. Bxa7 Kc7 58. Kxg4 Nd5 59. Kxh3 Nc3 60. Kg4 Nxb5 61. Bxb6+ Kxb6 62. h4 Nd4 63. h5 Nc6 64. h6 Nxe5+ 65. Kg5 Nf7+ 66. Kg6 Nh8+ 67. Kf6 Kxa6 68. Kxe6 1-0

[Event "FIDE Women World Blitz 2021"]
[Site "Warsaw"]
[Date "2021.12.29"]
[Round "1.5"]
[White "Osmak, Yuliia"]
[Black "Rudzinska, Michalina"]
[Result "1-0"]
[ECO "A27"]
[WhiteElo "2198"]
[BlackElo "1832"]
[Annotator "NA"]
[PlyCount "77"]
[EventDate "2021.12.29"]
[EventType "swiss"]
[EventCountry "POL"]
[Tiebreak "Cut1 Buchholz"]
[SourceTitle "playchess.com"]
[Source "ChessBase"]
[SourceQuality "1"]
[TimeControl "180+2"]

1. c4 e5 2. Nc3 Nc6 3. Nf3 f5 4. d4 e4 5. Ng5 d6 6. Nh3 Nf6 7. Nf4 g6 8. e3 Bh6 9. g3 O-O 10. Be2 Ne7 11. h4 Bxf4 12. gxf4 Be6 13. d5 Bd7 14. h5 Kf7 15. b3 c6 16. dxc6 Bxc6 17. Bb2 Qd7 18.
Qd4 Qe6 19. O-O-O Rad8 20. Kb1 a6 21. hxg6+ hxg6 22. Ba3 Ke8 23. Bxd6 Nc8 24. Qe5 Qxe5 25. Bxe5 Ke7 26. Rxd8 Rxd8 27. Kc2 Ke6 28. Rh6 Ne7 29. b4 Rc8 30. Kb3 Rd8 31. Kc2 Rc8 32. a3 Bd7 33. Kb3 Rd8 34. c5 Bc6 35. Bc4+ Ned5 36. Rxg6 Rf8 37. Nxd5 Bxd5 38. Bxd5+ Kxd5 39. Rxf6 1-0

[Event "FIDE Women World Blitz 2021"]
[Site "Warsaw"]
[Date "2021.12.29"]
[Round "1.6"]
[White "Gunina, Valentina"]
[Black "Kovanova, Baira"]
[Result "1-0"]
[ECO "D37"]
[WhiteElo "2480"]
[BlackElo "2331"]
[Annotator "ChessBase"]
[PlyCount "69"]
[EventDate "2021.12.29"]
[EventType "swiss"]
[EventCountry "POL"]
[Tiebreak "Cut1 Buchholz"]
[SourceTitle "playchess.com"]
[Source "ChessBase"]
[SourceQuality "1"]
[TimeControl "180+2"]

1. d4 d5 2. c4 e6 3. Nf3 Nf6 4. Nc3 Nbd7 5. Bf4 dxc4 6. e3 Bd6 7. Bg3 Bb4 8. Bxc4 Ne4 9. Rc1 Nxg3 10. hxg3 h6 11. g4 Nb6 12. Bd3 Be7 13.
Ne4 c6 14. g5 h5 15. Ne5 g6 16. Qf3 Rf8 17. g4 hxg4 18. Nxg4 Nd5 19. Bc4 Qa5+ 20. Kf1 Bd7 21. Ngf6+ Nxf6 22. gxf6 Bb4 23. a3 O-O-O 24. axb4 Qxb4 25. Qe2 e5 26. dxe5 Kb8 27. Nd6 Rh8 28. Kg2 Qc5 29. Nxf7 Rxh1 30. Rxh1 Rf8 31. e6 Bxe6 32. Bxe6 Qb4 33. Qf3 Qxb2 34. Qf4+ Ka8 35. Rh8 1-0

[Event "FIDE Women World Blitz 2021"]
[Site "Warsaw"]
[Date "2021.12.29"]
[Round "1.6"]
[White "Parol, Pola"]
[Black "Garcia Martin, Marta"]
[Result "0-1"]
[ECO "C80"]
[WhiteElo "1823"]
[BlackElo "2194"]
[Annotator "NA"]
[PlyCount "33"]
[EventDate "2021.12.29"]
[EventType "swiss"]
[EventCountry "POL"]
[Tiebreak "Cut1 Buchholz"]
[SourceTitle "playchess.com"]
[Source "ChessBase"]
[SourceQuality "1"]
[TimeControl "180+2"]

1. e4 e5 2. Nf3 Nc6 3. Bb5 a6 4. Ba4 Nf6 5. O-O Be7 6. c3 Nxe4 7. Re1 Nc5 8. Bxc6 dxc6 9. Nxe5 O-O 10. d4 Ne6 11. Nd2 c5 12. dxc5 Nxc5 13. Ndf3 Bf6 14. Bf4 Bf5 15. Qxd8 Rb8 16. Qxf8+
Rxf8 17. Rad1 0-1

[Event "FIDE Women World Blitz 2021"]
[Site "Warsaw"]
[Date "2021.12.29"]
[Round "1.7"]
[White "Badelka, Olga"]
[Black "Smietanska, Wiktoria"]
[Result "1-0"]
[ECO "D78"]
[WhiteElo "2188"]
[BlackElo "1765"]
[Annotator "NA"]
[PlyCount "87"]
[EventDate "2021.12.29"]
[EventType "swiss"]
[EventCountry "POL"]
[Tiebreak "Cut1 Buchholz"]
[SourceTitle "playchess.com"]
[Source "ChessBase"]
[SourceQuality "1"]
[TimeControl "180+2"]

1. Nf3 Nf6 2. g3 g6 3. Bg2 Bg7 4. c4 O-O 5. d4 c6 6. b3 d5 7. Bb2 Bf5 8. O-O Nbd7 9. Nc3 Rc8 10. h3 h5 11. Rc1 a6 12. Ne5 Be6 13.
cxd5 cxd5 14. Nd3 b5 15. Nf4 Nb6 16. Nxe6 fxe6 17. Qd3 Kh7 18. e4 b4 19. Ne2 dxe4 20. Bxe4 Nxe4 21. Qxe4 Qd5 22. Qd3 a5 23. Nf4 Qf5 24. Qxf5 exf5 25. Ne6 Rfe8 26. Nxg7 Kxg7 27. Rc5 Red8 28. Rfc1 Kf7 29. Rxa5 Rxc1+ 30. Bxc1 Rxd4 31. Kg2 Nd5 32. Ra7 Nc3 33. Bg5 Re4 34. Bd2 Re2 35. Bxc3 bxc3 36. a4 c2 37. Rc7 Rd2 38. a5 Ke6 39. b4 Kd6 40.
Rc8 Kd7 41. Rc4 Kd6 42. a6 Rd5 43. a7 Rb5 44. a8=Q 1-0

[Event "FIDE Women World Blitz 2021"]
[Site "Warsaw"]
[Date "2021.12.29"]
[Round "1.7"]
[White "Rakhmangulova, Anastasiya"]
[Black "Goryachkina, Aleksandra"]
[Result "0-1"]
[ECO "B12"]
[WhiteElo "2174"]
[BlackElo "2604"]
[Annotator "ChessBase"]
[PlyCount "77"]
[EventDate "2021.12.29"]
[EventType "swiss"]
[EventCountry "POL"]
[Tiebreak "Cut1 Buchholz"]
[SourceTitle "playchess.com"]
[Source "ChessBase"]
[SourceQuality "1"]
[TimeControl "180+2"]

1. e4 c6 2. d4 d5 3. e5 c5 4. dxc5 e6 5. a3 Bxc5 6. b4 Bb6 7. Nf3 Ne7 8.
Bd3 a5 9. Bb2 axb4 10. axb4 Rxa1 11. Bxa1 Nd7 12. O-O Ng6 13. g3 O-O 14. Nbd2 Bc7 15. Re1 b6 16. h4 h6 17. h5 Ne7 18. Nb3 Bb7 19. b5 Nc5 20.
Bd4 Nxb3 21. cxb3 Nf5 22. Bxf5 exf5 23. Qd3 Qd7 24. Nh4 Bc8 25. Rc1 Bd8 26. Nf3 f4 27. Rc6 fxg3 28. fxg3 Qh3 29. Nh2 Bf5 30. Qf3 Be4 31. Qf2 Qxh5 32. g4 Qg5 33. Qg3 Qd2 34. Be3 Qd1+ 35. Nf1 Qxb3 36. Qf2 d4 37. Bxd4 Bxc6 38. bxc6 Qc4 39. g5 0-1

[Event "FIDE Women World Blitz 2021"]
[Site "Warsaw"]
[Date "2021.12.29"]
[Round "1.8"]
[White "Michna, Marta"]
[Black "Paramzina, Anastasya"]
[Result "1-0"]
[ECO "A48"]
[WhiteElo "2312"]
[BlackElo "2260"]
[Annotator "NA"]
[PlyCount "89"]
[EventDate "2021.12.29"]
[EventType "swiss"]
[EventCountry "POL"]
[Tiebreak "Cut1 Buchholz"]
[SourceTitle "playchess.com"]
[Source "ChessBase"]
[SourceQuality "1"]
[TimeControl "180+2"]

1. Nf3 Nf6 2. d4 g6 3. c3 Bg7 4. Bf4 d6 5. h3 O-O 6. Nbd2 c5 7. dxc5 dxc5 8. e4 Nc6 9. Qc2 Nd7 10. Rd1 Qe8 11. a4 Nde5 12. Be3 b6 13.
Bb5 a6 14. Be2 Bb7 15. Qb3 Nxf3+ 16. Nxf3 Ne5 17. Nxe5 Bxe5 18.
Qxb6 Bxe4 19. O-O Bd6 20. Bxc5 Rb8 21. Qa5 Rxb2 22. Bxa6 Qa8 23. f3 Bxc5+ 24. Qxc5 Bc2 25. Bb5 Bxd1 26. Rxd1 Qb8 27. Qe3 Qg3 28. Bf1 Rfb8 29. Qe1 Qf4 30. Qxe7 Rc2 31. Rd8+ Rxd8 32. Qxd8+ Kg7 33. Qd4+ Qxd4+ 34. cxd4 Rd2 35. a5 Rxd4 36. a6 Rd2 37. Bb5 Ra2 38. Kh2 Kf6 39. Kg3 Ke5 40. h4 f5 41. f4+ Kd4 42. Kh3 h6 43.
g3 Ke3 44. Bc4 h5 45. Bxa2 1-0

[Event "FIDE Women World Blitz 2021"]
[Site "Warsaw"]
[Date "2021.12.29"]
[Round "1.8"]
[White "Zairbek kyzy, Begimai"]
[Black "Nomin-Erdene, Davaademberel"]
[Result "1-0"]
[ECO "C13"]
[WhiteElo "1701"]
[BlackElo "2188"]
[Annotator "NA"]
[PlyCount "75"]
[EventDate "2021.12.29"]
[EventType "swiss"]
[EventCountry "POL"]
[Tiebreak "Cut1 Buchholz"]
[SourceTitle "playchess.com"]
[Source "ChessBase"]
[SourceQuality "1"]
[TimeControl "180+2"]

1. e4 e6 2. d4 d5 3. Nc3 Nf6 4. Bg5 dxe4 5. Nxe4 Be7 6. Bxf6 gxf6 7. Nf3 a6 8. c3 b6 9. Bd3 Bb7 10. Qe2 f5 11. Ng3 Qd6 12. O-O-O Nd7 13. Ne5 Nxe5 14. dxe5 Qc5 15. Bc2 Bd5 16. Kb1 b5 17. Nh5 O-O-O 18. Nf4 Bc6 19. Nd3 Qc4 20. f3 Rd7 21. Bb3 Qh4 22. g3 Qh5 23. Rhf1 Rhd8 24. Nf4 Rxd1+ 25. Bxd1 Qh6 26. a4 Bg5 27. Nd3 Bb7 28. Nc5 c6 29. axb5 axb5 30. Bb3 Rd2 31. Qe1 Qxh2 32. Rh1 Rxb2+ 33. Ka1 Qd2 34. Qxd2 Rxd2 35. Rxh7 Rd8 36. Rxf7 Ba8 37.
Bxe6+ Kb8 38. Na6# 1-0

[Event "FIDE Women World Blitz 2021"]
[Site "Warsaw"]
[Date "2021.12.29"]
[Round "1.9"]
[White "Zawadzka, Jolanta"]
[Black "Paehtz, Elisabeth"]
[Result "1-0"]
[ECO "B51"]
[WhiteElo "2429"]
[BlackElo "2485"]
[Annotator "ChessBase"]
[PlyCount "105"]
[EventDate "2021.12.29"]
[EventType "swiss"]
[EventCountry "POL"]
[Tiebreak "Cut1 Buchholz"]
[SourceTitle "playchess.com"]
[Source "ChessBase"]
[SourceQuality "1"]
[TimeControl "180+2"]

1. e4 c5 2. Nf3 d6 3. Bb5+ Nc6 4. O-O Nf6 5. Re1 e5 6. c3 Bg4 7. h3 Bh5 8. d3 a6 9. Ba4 Be7 10. Nbd2 O-O 11. Nf1 Qc7 12. Ng3 Bg6 13. Nh4 Nd7 14. Nxg6 hxg6 15. Nf1 b5 16. Bc2 Nb6 17. Ne3 Qd7 18. Nd5 Bd8 19. Qf3 Nxd5 20. exd5 Ne7 21. Bd2 Rc8 22. a4 b4 23. Bb3 a5 24. Bc4 Qf5 25. Qe2 Bb6 26. f4 Bc7 27. fxe5 dxe5 28. Rf1 Qd7 29. d6 Bxd6 30. Qf3 Nc6 31. Qe4 Kh7 32. Rf3 Qe7 33.
Qe2 f5 34. Raf1 Nd8 35. Be3 Ne6 36. Qd2 Rcd8 37. Kh1 Bc7 38.
g4 e4 39. R3f2 exd3 40. gxf5 gxf5 41. Rxf5 Qh4 42. Qg2 Rxf5 43. Rxf5 Nf8 44. Qf3 Qe1+ 45. Kg2 Qe2+ 46. Qxe2 dxe2 47. Bxe2 Ng6 48. Rxc5 Bb6 49. Rh5+ Kg8 50. Bc4+ Kf8 51. Bxb6 Nf4+ 52. Kf3 Nxh5 53. Bxd8 1-0

[Event "FIDE Women World Blitz 2021"]
[Site "Warsaw"]
[Date "2021.12.29"]
[Round "1.9"]
[White "Strutinskaia, Galina"]
[Black "Katkov, Michelle"]
[Result "0-1"]
[ECO "A46"]
[WhiteElo "2188"]
[BlackElo "1651"]
[Annotator "NA"]
[PlyCount "104"]
[EventDate "2021.12.29"]
[EventType "swiss"]
[EventCountry "POL"]
[Tiebreak "Cut1 Buchholz"]
[SourceTitle "playchess.com"]
[Source "ChessBase"]
[SourceQuality "1"]
[TimeControl "180+2"]

1. d4 Nf6 2. Nf3 e6 3. g3 b5 4. a4 bxa4 5. Bg2 Bb7 6. O-O c5 7. c3 Be7 8. Rxa4 cxd4 9. Qxd4 Nc6 10. Qf4 O-O 11. Rd1 d5 12. Nbd2 Qb6 13.
Nf1 Rfd8 14. h4 Bd6 15. Qd2 Ne4 16. Qe1 Qb3 17. Ra1 Bc5 18.
Nd4 Nxd4 19. cxd4 Bb4 20. Nd2 Qc2 21. f3 Nd6 22. Qf1 Nf5 23.
Nb1 Nxg3 24. Na3 Bxa3 25. Qe1 Nxe2+ 26. Kh2 Bd6+ 27. Kh1 Ng3+ 28. Kg1 Nf5 29. h5 Bg3 30. Qf1 Qc4 31. Rd3 Ba6 32. Raa3 Qc6 33. Rac3 Bxd3 34. Qxd3 Qb6 35. f4 Rac8 36. Be3 Rxc3 37. bxc3 Rb8 38. Bf1 Qb1 39. Qd2 Qe4 40. Bf2 Bxf2+ 41. Kxf2 Nh4 42. Kg3 Nf5+ 43. Kf2 Qb1 44. Bd3 Qb2 45. Ke2 Ng3+ 46. Ke3 Qxd2+ 47. Kxd2 a5 48. h6 gxh6 49. Kc2 Nh5 50. f5 exf5 51. Bxf5 a4 52. Bd7 a3 0-1

[Event "FIDE Women World Blitz 2021"]
[Site "Warsaw"]
[Date "2021.12.29"]
[Round "1.10"]
[White "Bodnaruk, Anastasia"]
[Black "Doluhanova, Evgeniya"]
[Result "1-0"]
[ECO "B20"]
[WhiteElo "2396"]
[BlackElo "2237"]
[Annotator "NA"]
[PlyCount "79"]
[EventDate "2021.12.29"]
[EventType "swiss"]
[EventCountry "POL"]
[Tiebreak "Cut1 Buchholz"]
[SourceTitle "playchess.com"]
[Source "ChessBase"]
[SourceQuality "1"]
[TimeControl "180+2"]

1. e4 c5 2. b3 Nc6 3. Bb2 d6 4. Bb5 Bd7 5. f4 a6 6. Bxc6 Bxc6 7. Nc3 Nf6 8.
Qe2 b5 9. d3 b4 10. Nd1 g6 11. Nf3 Bg7 12. O-O O-O 13. Ne3 a5 14. a4 bxa3 15. Rxa3 a4 16. bxa4 Rxa4 17. Rxa4 Bxa4 18. e5 Nh5 19. g3 Bc6 20. Nc4 d5 21. Ne3 Qb6 22. Ba1 Ra8 23. f5 d4 24. Nc4 Qb7 25.
Ng5 h6 26. fxg6 fxg6 27. Ne6 Bd5 28. Nxc5 Qc7 29. Bxd4 e6 30. g4 Rc8 31. gxh5 gxh5 32. Nd6 Ra8 33. Qxh5 Kh8 34. Nf7+ Kh7 35. Ng5+ Kh8 36. Ngxe6 Bxe6 37. Nxe6 Qe7 38. Nxg7 Qxg7+ 39. Kh1 Rg8 40. e6 1-0

[Event "FIDE Women World Blitz 2021"]
[Site "Warsaw"]
[Date "2021.12.29"]
[Round "1.10"]
[White "Brambilla, Renee Blandy T."]
[Black "Fernandez, Maria Florencia"]
[Result "0-1"]
[ECO "E99"]
[WhiteElo "1651"]
[BlackElo "2184"]
[Annotator "NA"]
[PlyCount "56"]
[EventDate "2021.12.29"]
[EventType "swiss"]
[EventCountry "POL"]
[Tiebreak "Cut1 Buchholz"]
[SourceTitle "playchess.com"]
[Source "ChessBase"]
[SourceQuality "1"]
[TimeControl "180+2"]

1. d4 Nf6 2. c4 g6 3. Nc3 Bg7 4. e4 d6 5. Nf3 O-O 6. Be2 e5 7. O-O Nc6 8. d5 Ne7 9. Ne1 Nd7 10. Nd3 f5 11. Bd2 Nf6 12. f3 f4 13. c5 g5 14. cxd6 cxd6 15.
Rc1 h5 16. Nb5 Qb6+ 17. Nf2 g4 18. Kh1 g3 19. hxg3 fxg3 20.
Nh3 Bxh3 21. gxh3 Ng6 22. Kg2 h4 23. a4 Nh5 24. Nc7 Ngf4+ 25. Bxf4 Nxf4+ 26. Kh1 g2+ 27. Kh2 gxf1=Q 28. Qxf1 Rac8 0-1

[Event "FIDE Women World Blitz 2021"]
[Site "Warsaw"]
[Date "2021.12.29"]
[Round "1.11"]
[White "Gaboyan, Susanna"]
[Black "Dzagnidze, Nana"]
[Result "1-0"]
[ECO "D00"]
[WhiteElo "2253"]
[BlackElo "2524"]
[Annotator "ChessBase"]
[PlyCount "113"]
[EventDate "2021.12.29"]
[EventType "swiss"]
[EventCountry "POL"]
[Tiebreak "Cut1 Buchholz"]
[SourceTitle "playchess.com"]
[Source "ChessBase"]
[SourceQuality "1"]
[TimeControl "180+2"]

1. d4 Nf6 2. Nc3 d5 3. Bf4 c6 4. Qd2 Bf5 5. f3 e6 6. e3 Bd6 7. Nge2 h6 8. g4 Bh7 9. h4 Na6 10. O-O-O Be7 11. Ng3 Qa5 12. Kb1 Nb4 13. Bd3 Nxd3 14. cxd3 O-O-O 15. h5 Nd7 16. Nge2 f6 17. Nc1 e5 18. Nb3 Qa6 19. Bg3 Rhe8 20.
Ka1 Bf8 21. f4 exf4 22. Bxf4 Nb6 23. Ne2 Qa4 24. Rc1 Bb4 25. Nc3 Qa6 26. Rhd1 Na4 27. Qc2 Nxc3 28. bxc3 Bd6 29. Qh2 Bxf4 30. exf4 Re3 31. Nc5 Qa5 32. f5 Bg8 33. Qd2 Re7 34. Re1 Rc7 35. Qf4 b6 36. Nb3 Qa3 37. Rc2 a5 38. Kb1 a4 39. Nc1 b5 40.
Qd2 Qd6 41. Qe3 Bf7 42. Qf2 Rdd7 43. Rb2 Rb7 44. Ree2 b4 45. cxb4 a3 46. Rb3 Rxb4 47. Rc2 Rdb7 48. Rc5 Kb8 49. Rxb4 Rxb4+ 50. Nb3 Be8 51. Qe1 Rxb3+ 52. axb3 Bd7 53. Ka2 Qf4 54. Kxa3 Qxg4 55. Qb4+ Kc7 56. Ra5 Bxf5 57. Ra7+ 1-0